AoeStats
← FrankSinatrap

Arabia

510378151Analyzed
1v1 RM · 1d ago on Sep 30, 2026· 22m 2s· 2 players
Game mode
Random Map
Map size
Tiny (2 player)
Population
200
Speed
Normal
Resources
Standard
Victory
Conquest
Starting age
Dark Age
Ending age
Imperial Age
RankedLock teamsTeams togetherTeam positionsShared explorationLock speedFull tech treeHidden civsTurbo modeCheats
Victory
Defeat
🇺🇸 Danes · United States
1279
+17
🇲🇽 Malay · Mexico
1292
-17
Daarth Vader
8:46 Loom
10:33 Feudal Age
14:54 Castle Age
13:39 Scale Mail Armor
17:46 Squires
17:33 Gambesons
18:37 Chain Mail Armor
FrankSinatrap
5:42 Loom
10:08 Feudal Age
10:55 Double-Bit Axe
17:07 Castle Age
16:22 Crossbowman
17:18 Fletching
18:20 Bodkin Arrow
Connection lost

Rejoining the realm…

Still unreachable

The connection could not be restored.

Session expired

The server has moved on; the page needs a fresh start.